Unix NetHack Version 5.0.0-0 post-release - last build May 31 2026 23:59:36 (970b52f25bf058293b47ddfd14a1e40e571c508c,branch:main).

Game began 2026-06-01 19:39:53, ended 2026-06-01 21:14:14.

Haxasaurus, lawful female dwarven Valkyrie

                                                ----
                                                |..---
                                                |....----
                                               ..........
                                             .........---
                                            |.........|
                                            -.........--
                                           fG.@..f.G...-
                                            |...[. ...*.
                                             0|..-   .........  |...
                                              |..    ......... ...(.
                                                     -..---.........
                                                     ---- --........
                                                           ----.|.-
                                                              -----

Haxasaurus the Fighter      St:18 Dx:19 Co:18 In:7 Wi:7 Ch:9  Lawful
Dlvl:10 $:0  HP:82(82) Pw:12(12) AC:-6 Xp:8/1408 T:6617  Burdened

Latest messages:
 The massive hammer hits!  Lightning strikes the giant ant!
 The giant ant misses!
 The giant ant misses!
 The massive hammer hits!  Lightning strikes the giant ant!
 You kill the giant ant!
 The giant ant misses!
 The massive hammer hits!  Lightning strikes the giant ant!
 You kill the giant ant!
 The massive hammer hits!  Lightning strikes the giant ant!
 You kill the giant ant!
 You have a little trouble lifting z - a scroll called light {sell 19}.
 A trap door in the ceiling opens and a rock falls on your head!
 Fortunately, you are wearing a hard helmet.
 [HP -2, 78 left]
 You hear some noises.
 The air crackles around the gnomish wizard.
 The gnomish wizard casts a spell!
 The gnomish wizard looks better.
 You swap places with the peaceful dwarf.
 You hear some noises in the distance.
 You hear some noises.
 You hear some noises in the distance.
 You swap places with the peaceful gnomish wizard.
 You see here a red gem.
 You have a little trouble lifting A - a red gem.
 You see here a melon.
 There is a melon here; eat it? y
 This melon is delicious!
 You see here an apron.
 Pringle bites the dwarf.
 The dwarf wields a dagger!
 Pringle bites the dwarf.
 The dwarf is killed!
 There is a dwarf corpse here; eat it? y
 This dwarf corpse is fatty.
 You cannibal!  You will regret this!
 Pringle bites the gnomish wizard.
 The gnomish wizard casts a spell!
 The gnomish wizard looks better.
 Pringle misses the gnomish wizard.
 Pringle bites the gnomish wizard.
 The air crackles around the gnomish wizard.
 You hear some noises.
 You stop eating the dwarf corpse.
 Really quit without saving? y
 Do you want your possessions identified? y
 Do you want to see your attributes? y
 Do you want an account of creatures vanquished? n
 Do you want to see your conduct and achievements? n
 Do you want to see the dungeon overview? n

Inventory:
 Weapons  (')')
  x - 5 +1 arrows
  j - 17 +0 arrows (in quiver)
  k - a +0 bow (alternate weapon; not wielded)
  X - 11 blessed +2 shuriken
  y - a +2 dagger
  a - a +1 dwarvish spear
  J - the rustproof +0 Mjollnir (weapon in right hand)
 Armor    ('[')
  O - an uncursed +2 orcish helm (being worn)
  Y - an uncursed +0 pair of leather gloves (being worn)
  h - an uncursed +0 pair of speed boots (being worn)
  c - an uncursed +3 small shield (being worn)
  R - an uncursed +0 cloak of invisibility
  G - an uncursed +0 elven cloak (being worn)
  b - an uncursed +0 banded mail (being worn)
 Comestibles  ('%')
  p - an uncursed slime mold
  Z - an uncursed cram ration
  d - 3 uncursed food rations
  u - an uncursed fortune cookie
 Scrolls  ('?')
  z - an uncursed scroll of light
 Rings    ('=')
  v - an uncursed ring of shock resistance
 Tools    ('(')
  q - an uncursed sack containing 29 items
  W - an uncursed lock pick
  K - a cursed oil lamp
  r - a +0 pick-axe
  i - an uncursed tin opener
  P - an uncursed tin whistle
  t - an uncursed towel
 Gems/Stones  ('*')
  s - an uncursed emerald
  w - an uncursed worthless piece of orange glass
  A - an uncursed worthless piece of red glass

Contents of the sack:
  197 gold pieces
  an uncursed scroll of amnesia
  an uncursed scroll of confuse monster
  a cursed scroll of confuse monster
  an uncursed scroll of destroy armor
  an uncursed scroll of enchant armor
  a cursed scroll of enchant weapon
  3 uncursed scrolls of identify
  2 uncursed scrolls of light
  2 uncursed scrolls of remove curse
  an uncursed scroll of teleportation
  a blessed potion of booze
  an uncursed potion of confusion
  an uncursed potion of enlightenment
  2 uncursed potions of gain energy
  2 uncursed potions of healing
  a cursed potion of healing
  an uncursed potion of monster detection
  an uncursed potion of object detection
  an uncursed potion of restore ability
  an uncursed potion of water
  an uncursed amethyst stone
  an uncursed aquamarine stone
  2 uncursed worthless pieces of black glass
  2 uncursed worthless pieces of green glass
  an uncursed worthless piece of orange glass
  3 uncursed worthless pieces of white glass
  2 uncursed worthless pieces of yellowish brown glass
  a cursed worthless piece of yellowish brown glass

Haxasaurus the Valkyrie's attributes:

Background:
 You were a Fighter, a level 8 dwarven Valkyrie.
 You were lawful, on a mission for Tyr
 who was opposed by Odin (neutral) and Loki (chaotic).
 You were right-handed.
 You were in the Gnomish Mines, on level 10.
 You entered the dungeon 6617 turns ago.
 There was a full moon in effect when your adventure ended.
 You had 1408 experience points, 1152 more were needed to attain level 9.

Basics:
 You had all 82 hit points.
 You had all 12 energy points (spell power).
 Your armor class was -6.
 Your wallet was empty, but
 you had 197 zorkmids stashed away in your pack.
 Autopickup was on for '$"=/!?' plus thrown, with exceptions.

Final Characteristics:
 Your strength was 18 (limit:18/100).
 Your dexterity was 19 (peak:20, limit:20).
 Your constitution was 18 (limit:20).
 Your intelligence was 7 (limit:16).
 Your wisdom was 7 (limit:16).
 Your charisma was 9 (limit:16).

Final Status:
 You weren't hungry.
 You were burdened; movement was slightly slowed.
 You were wielding a hammer.
 You were unskilled in hammer.

Final Attributes:
 You were piously aligned.
 You were cold resistant.
 You were telepathic.
 You had infravision.
 You were stealthy.
 You aggravated monsters.
 You were warded.
 You were very fast.
 You were unlucky.
 Tyr was angry with you.
 You survived.

Miscellaneous:
 You encountered 1 bones level.
 Total elapsed playing time was 1 hour, 34 minutes and 20 seconds.

Major events:
 Turn
    1: Haxasaurus the lawful dwarven Valkyrie entered the dungeon
 1001: attained the rank of Skirmisher (level 3)
 2202: entered the Gnomish Mines
 2651: attained the rank of Fighter (level 6)
 4718: reached Mine Town
 5851: was bestowed with Mjollnir by Tyr
 6617: quit

You didn't know any spells.

Skills:
 Fighting Skills
   bare handed combat [Unskilled]
   two weapon combat  [Unskilled]
   riding             [Unskilled]
 Weapon Skills
   dagger             [Basic]
   axe                [Unskilled]
   pick-axe           [Unskilled]
   short sword        [Unskilled]
   broadsword         [Unskilled]
   long sword         [Unskilled]
   two-handed sword   [Unskilled]
   saber              [Unskilled]
   hammer             [Unskilled]
   quarterstaff       [Unskilled]
   polearms           [Unskilled]
   spear              [Skilled]
   trident            [Unskilled]
   lance              [Unskilled]
   sling              [Unskilled]
 Spellcasting Skills
   attack spells      [Unskilled]
   escape spells      [Unskilled]

Voluntary challenges:
 Character rerolling was not enabled.
 You never genocided any monsters.
 You never polymorphed an object.
 You never changed form.
 You used no wishes.
Achievements:
 You entered a shop.
 You attained the rank of Skirmisher.
 You entered the Gnomish Mines.
 You attained the rank of Fighter.
 You entered Minetown.
 You entered a temple.

 The Dungeons of Doom: levels 1 to 8
    Level 1:
       A fountain.
    Level 2:
       Some fountains.
    Level 3:
       Many altars, a fountain.
    Level 4:
       A general store, an altar.
       Stairs down to The Gnomish Mines.
    Level 5: "vault"
       A fountain.
    Level 6: "vault"
       A fountain.
    Level 7:
       Many fountains.
       Oracle of Delphi.
    Level 8:
 The Gnomish Mines: levels 5 to 10
    Level 5:
    Level 6:
    Level 7:
       Many shops, a temple and an altar to Tyr, many fountains.
       Final resting place for
          magnolian-Val-Hum-Fem-Law, petrified by a cockatrice.
    Level 8:
    Level 9:
    Level 10: <- You were here.


Vanquished creatures:
  a gargoyle
  a human mummy
  a watchman
  a chameleon
  a giant beetle
  a cockatrice
  a winter wolf cub
  a panther
  a leprechaun
 an orc-captain
 an iron piercer
  a giant spider
 an orc mummy
  a dwarf mummy
  a dingo
  a housecat
  a jaguar
  2 dust vortices
  2 gnome mummies
  4 human zombies
  2 imps
  a water nymph
  a mountain nymph
  3 Mordor orcs
  2 orc shamans
  a rock piercer
  a fog cloud
  a yellow light
  a shrieker
  3 gnome leaders
  a red naga hatchling
  a straw golem
  8 giant ants
  2 little dogs
  a floating eye
  a kitten
  4 dwarves
  2 homunculi
  a kobold leader
  a kobold shaman
  3 hill orcs
  7 rothes
  2 giant bats
  a monkey
  2 dwarf zombies
  a werejackal
  3 iguanas
 an acid blob
  2 gas spores
  3 hobbits
  4 large kobolds
  2 hobgoblins
  a giant rat
  2 yellow molds
 16 gnomes
  a gnome zombie
  3 geckos
  7 jackals
  a fox
  2 goblins
  4 sewer rats
  a grid bug
  4 lichens
  a kobold zombie
  7 newts
144 creatures vanquished.

No species were genocided or became extinct.

Farvel Haxasaurus the Valkyrie...

You quit in The Gnomish Mines on dungeon level 10 with 6279 points,
and 197 pieces of gold, after 6617 moves.
You were level 8 with a maximum of 82 hit points when you quit.

